 Dungeon Crawl Stone Soup version 0.24.0-37-gcf1ca852f1 (webtiles) character file.

Game seed: 10378814241646619137, levelgen mode: deterministic

98 FishyPogo the Charmwright (level 4, -8/39 HPs)
             Began as a Gnoll Skald on Dec 6, 2019.
             Was an Initiate of Makhleb.
             Mangled by a killer bee (9 damage)
             ... on level 3 of the Dungeon.
             The game lasted 00:04:12 (1795 turns).

FishyPogo the Charmwright (Gnoll Skald)             Turns: 1795, Time: 00:04:13

Health: -8/39      AC:  4    Str: 12 (14) XL:     4   Next: 69%
Magic:  3/11       EV: 13    Int: 13 (16) God:    Makhleb [......]
Gold:   85         SH:  0    Dex: 11 (14) Spells: 2/13 levels left

rFire    . . .     SeeInvis .   a - +0 hand axe
rCold    . . .     Gourm    .   (no shield)
rNeg     . . .     Faith    .   b - +0 leather armour
rPois    .         Spirit   .   (no helmet)
rElec    .         Reflect  .   (no cloak)
rCorr    .         Harm     .   (no gloves)
MR       +....                  (no boots)
Stlth    ++........             (no amulet)
HPRegen  0.00/turn              l - ring of protection from magic
MPRegen  0.12/turn              (no ring)

@: lethally poisoned (-8 -> -22), singing, very slightly contaminated
A: distributed training, fangs 1, rugged brown scales 1, camouflage 1, inhibited
regeneration, strong nose
a: Renounce Religion


You were on level 3 of the Dungeon.
You worshipped Makhleb.
Makhleb was noncommittal.
You were not hungry.

You visited 1 branch of the dungeon, and saw 3 of its levels.

You collected 85 gold pieces.

Inventory:

Hand Weapons
 a - a +0 hand axe (weapon)
Missiles
 i - 79 stones (quivered)
 m - 9 poisoned darts
 p - 3 boomerangs
 q - a throwing net
Armour
 b - a +0 leather armour (worn)
Jewellery
 l - a ring of protection from magic (left hand)
Scrolls
 g - 2 scrolls of enchant armour {unknown}
 j - 3 scrolls of identify {unknown}
 k - a scroll of fear {unknown}
Potions
 c - a potion of lignification {unknown}
 h - a potion of berserk rage {unknown}
 o - a potion of flight {unknown}
Comestibles
 d - 5 rations
 n - a chunk of flesh


   Skills:
 + Level 4.6 Fighting
 + Level 1.2 Short Blades
 + Level 1.2 Long Blades
 + Level 4.6 Axes
 + Level 1.2 Maces & Flails
 + Level 1.2 Polearms
 + Level 1.2 Staves
 + Level 1.2 Slings
 + Level 1.2 Bows
 + Level 1.2 Crossbows
 + Level 1.2 Throwing
 + Level 2.8 Armour
 + Level 4.6 Dodging
 + Level 1.2 Stealth
 + Level 1.2 Shields
 + Level 1.2 Unarmed Combat
 + Level 5.1 Spellcasting
 + Level 1.0 Conjurations
 + Level 1.0 Hexes
 + Level 5.5 Charms
 + Level 1.0 Summonings
 + Level 1.0 Necromancy
 + Level 1.0 Translocations
 + Level 1.0 Transmutations
 + Level 1.0 Fire Magic
 + Level 1.0 Ice Magic
 + Level 1.0 Air Magic
 + Level 1.0 Earth Magic
 + Level 1.0 Poison Magic
 + Level 1.3 Invocations
 + Level 1.2 Evocations


You had 2 spell levels left.
You knew the following spells:

 Your Spells              Type           Power        Failure   Level  Hunger
h - Regeneration          Chrm/Necr      ##........   19%         3    ###....
n - Spectral Weapon       Hex/Chrm       ##......     19%         3    ###....
p - Shroud of Golubria    Chrm/Tloc      ##....       10%         2    ##.....
u - Song of Slaying       Chrm           ###.....     3%          2    ##.....
y - Infusion              Chrm           ###.         2%          1    None

Your spell library contained the following spells:

 Spells                   Type           Power        Failure   Level  Hunger


Dungeon Overview and Level Annotations

Branches:
Dungeon (3/15)

Altars:
Fedhas
Makhleb


Innate Abilities, Weirdness & Mutations

Your experience applies equally to all skills.
You have very sharp teeth.
Your uncanny sense of smell can sniff out nearby items.
You are partially covered in rugged brown scales. (AC +1, +3% HP)
Your skin changes colour to match your surroundings (Stealth+).
You do not regenerate when monsters are visible.


Message History

It was a potion of mutation.
You feel extremely strange.
Your skin functions as natural camouflage.
Your regeneration stops near monsters.
Rugged brown scales grow over part of your body.
* * * LOW HITPOINT WARNING * * *
You feel sick. The killer bee barely misses you.
The killer bee closely misses your spectral weapon.
The killer bee stings your spectral weapon.
Unknown command.
It was a potion of degeneration.
There was something very wrong with that liquid.
You feel weakened.
You feel dopey.
You feel clumsy.
* * * LOW HITPOINT WARNING * * *
You feel sick.
The killer bee stings you but does no damage.
The killer bee stings your spectral weapon but does no damage.
The killer bee stings you!
* * * LOW HITPOINT WARNING * * *
The killer bee stings you!
You die...

######
#######......
#....@y(#
##.###yy# #.#
#yy# #.# #..#
#.# #... #รท#
#.#.# #.#
#.#.#
#.###.#.#
#...#.#.#


You could see 5 killer bees and a friendly spectral +0 hand axe.

Vanquished Creatures
  A crimson imp (D:2)
  An adder (D:2)
  A dart slug (D:2)
  2 worms (D:2)
  2 leopard geckos
  3 orcs (D:2)
  3 giant cockroaches
  8 goblins
  6 hobgoblins
  3 bats
  2 frilled lizards (D:2)
  5 kobolds
  5 rats
42 creatures vanquished.

Notes
Turn   | Place    | Note
-------+----------+-------------------------------------------
     0 | D:1      | FishyPogo the Gnoll Skald began the quest for the Orb.
     0 | D:1      | Reached XP level 1. HP: 20/20 MP: 6/6
   215 | D:1      | Reached XP level 2. HP: 26/26 MP: 7/7
   219 | D:1      | Learned a level 2 spell: Song of Slaying
   226 | D:1      | Learned a level 2 spell: Shroud of Golubria
   629 | D:1      | You fall into a shaft and drop 1 floor!
   907 | D:2      | HP: 1/26 [kobold/+0 short sword (6)]
   908 | D:2      | Reached XP level 3. HP: 2/31 MP: 9/9
   913 | D:2      | Learned a level 3 spell: Regeneration
   918 | D:2      | Learned a level 3 spell: Spectral Weapon
  1007 | D:2      | Reached skill level 5 in Spellcasting
  1107 | D:2      | Reached skill level 1 in Invocations
  1209 | D:2      | Found a blossoming altar of Fedhas.
  1420 | D:2      | Reached skill level 1 in Short Blades
  1420 | D:2      | Reached skill level 1 in Long Blades
  1420 | D:2      | Reached skill level 1 in Maces & Flails
  1420 | D:2      | Reached skill level 1 in Polearms
  1420 | D:2      | Reached skill level 1 in Staves
  1420 | D:2      | Reached skill level 1 in Slings
  1420 | D:2      | Reached skill level 1 in Bows
  1420 | D:2      | Reached skill level 1 in Crossbows
  1420 | D:2      | Reached skill level 1 in Throwing
  1420 | D:2      | Reached skill level 1 in Stealth
  1420 | D:2      | Reached skill level 1 in Shields
  1420 | D:2      | Reached skill level 1 in Unarmed Combat
  1420 | D:2      | Reached skill level 1 in Evocations
  1424 | D:2      | Reached XP level 4. HP: 17/38 MP: 2/11
  1711 | D:2      | Found a burning altar of Makhleb.
  1727 | D:2      | Became a worshipper of Makhleb the Destroyer
  1746 | D:2      | Reached skill level 1 in Conjurations
  1746 | D:2      | Reached skill level 1 in Hexes
  1746 | D:2      | Reached skill level 1 in Summonings
  1746 | D:2      | Reached skill level 1 in Necromancy
  1746 | D:2      | Reached skill level 1 in Translocations
  1746 | D:2      | Reached skill level 1 in Transmutations
  1746 | D:2      | Reached skill level 1 in Fire Magic
  1746 | D:2      | Reached skill level 1 in Ice Magic
  1746 | D:2      | Reached skill level 1 in Air Magic
  1746 | D:2      | Reached skill level 1 in Earth Magic
  1746 | D:2      | Reached skill level 1 in Poison Magic
  1794 | D:3      | Gained mutation: Your skin changes colour to match your
                  | surroundings (Stealth+). [potion of mutation]
  1794 | D:3      | Gained mutation: You do not regenerate when monsters are
                  | visible. [potion of mutation]
  1794 | D:3      | Gained mutation: You are partially covered in rugged brown
                  | scales. (AC +1, +3% HP) [potion of mutation]
  1795 | D:3      | HP: 1/39 [killer bee (7)]
  1795 | D:3      | Mangled by a killer bee

Levels and vault maps discovered:
D:1:      onia_arrival_mini_spirals, layout_loops_ring
D:2:      layout_basic, lemuel_coloured_pillars_altar, makhleb_grotto_becter,
          guppyfry_early_orc_mine
D:3:      layout_basic, uniq_terence

Skill      XL: |  1  2  3  4 |
---------------+-------------+-----
Spellcasting   | 5 |  5.1
Invocations    | 1 |  1.3
Short Blades   | 1 |  1.2
Long Blades    | 1 |  1.2
Maces & Flails | 1 |  1.2
Polearms       | 1 |  1.2
Staves         | 1 |  1.2
Slings         | 1 |  1.2
Bows           | 1 |  1.2
Crossbows      | 1 |  1.2
Throwing       | 1 |  1.2
Stealth        | 1 |  1.2
Shields        | 1 |  1.2
Unarmed Combat | 1 |  1.2
Evocations     | 1 |  1.2
Conjurations   | 1 |  1.0
Hexes          | 1 |  1.0
Summonings     | 1 |  1.0
Necromancy     | 1 |  1.0
Translocations | 1 |  1.0
Transmutations | 1 |  1.0
Fire Magic     | 1 |  1.0
Ice Magic      | 1 |  1.0
Air Magic      | 1 |  1.0
Earth Magic    | 1 |  1.0
Poison Magic   | 1 |  1.0
Fighting       | |  4.6
Axes           | |  4.6
Armour         | |  2.8
Dodging        | |  4.6
Charms         | |  5.5

Action                   |  1- 3 |  4- 6 || total
-------------------------+-------+-------++-------
Melee: Hand axe          |   101 |    36 ||   137
       Bite              |    15 |     1 ||    16
       Punch             |     1 |       ||     1
 Cast: Infusion          |     1 |     1 ||     2
       Song of Slaying   |     3 |     1 ||     4
       Spectral Weapon   |     3 |     3 ||     6
       Regeneration      |     3 |     1 ||     4
  Use: Potion            |       |     2 ||     2
 Stab: Sleeping          |     2 |       ||     2
       Distracted        |       |     2 ||     2
  Eat: Chunk             |     2 |     2 ||     4
Armor: Leather armour    |    21 |     3 ||    24
Dodge: Dodged            |    67 |    33 ||   100
